[Event "Live Chess"]
[Site "Chess.com"]
[Date "2021.02.28"]
[Round "-"]
[White "Shankar, Yashwardhan"]
[Black "Kitaev, Daniel"]
[Result "0-1"]
[BlackElo "1549"]
[CurrentPosition "2k5/ppp2ppp/4p3/8/4b1P1/4PN1P/PPP1r2r/3R2RK w - -"]
[ECO "B01"]
[ECOUrl "https://www.chess.com/openings/Scandinavian-Defense-Modern-Variation"]
[EndDate "2021.02.28"]
[EndTime "14:13:34"]
[Link "https://www.chess.com/live/game/8259933201"]
[StartTime "14:06:01"]
[Termination "Ze_Yeet won by checkmate"]
[TimeControl "1500+10"]
[Timezone "UTC"]
[UTCDate "2021.02.28"]
[UTCTime "14:06:01"]
[WhiteElo "975"]

1. e4 d5 2. exd5 Nf6 3. Bc4 Nxd5 4. Bxd5 Qxd5 5. Nc3 Qa5 6. Nf3 Nc6 7. O-O Bg4 8. h3 Bh5 9. d4 O-O-O 10. d5 e6 11. Qd3 Nb4 12. Qe4 Nxd5 13. Nxd5 Qxd5 14. Qxd5 Rxd5 15. Nh2 Bc5 16. Be3 Bxe3 17. fxe3 Rd2 18. g4 Bg6 19. Rac1 Rhd8 20. Nf3 Re2 21. Ne5 Rdd2 22. Nf3 Rg2+ 23. Kh1 Rde2 24. Rcd1 Be4 25. Rg1 Rh2# 0-1

[Event "Live Chess"]
[Site "Chess.com"]
[Date "2021.02.28"]
[Round "-"]
[White "Kumar, Ishan"]
[Black "Ghatkar, Aaratrika"]
[Result "1-0"]
[BlackElo "902"]
[CurrentPosition "2N4k/8/6Qp/4B1p1/p4P2/3P2P1/PP4K1/8 b - -"]
[ECO "C46"]
[ECOUrl "https://www.chess.com/openings/Three-Knights-Opening"]
[EndDate "2021.02.28"]
[EndTime "15:03:51"]
[Link "https://www.chess.com/live/game/8261014731"]
[StartTime "14:18:36"]
[Termination "ISK_GA won by checkmate"]
[TimeControl "1500+10"]
[Timezone "UTC"]
[UTCDate "2021.02.28"]
[UTCTime "14:18:36"]
[WhiteElo "1487"]

1. e4 e5 2. Nf3 Nc6 3. Nc3 Bc5 4. Nxe5 Nf6 5. Nxc6 dxc6 6. h3 O-O 7. d3 Re8 8. Be2 Qe7 9. O-O Bd7 10. Bf3 Qe5 11. Bd2 Bd6 12. g3 Bxh3 13. Bg2 Bxg2 14. Kxg2 Nh5 15. f4 Qd4 16. Qxh5 Bc5 17. Qf3 Re6 18. Rfe1 Rg6 19. Be3 Qd6 20. e5 Qd7 21. Bxc5 Rh6 22. Rh1 Rxh1 23. Rxh1 b6 24. Be3 Rd8 25. Qh5 h6 26. Qh3 Qe7 27. Qf5 a5 28. Qe4 c5 29. Nd5 Qd7 30. c4 c6 31. Nxb6 Qg4 32. Qf3 Qe6 33. Bxc5 f6 34. Re1 Qf5 35. Bd6 fxe5 36. Rxe5 Qf6 37. c5 Kf7 38. Qxc6 Kg8 39. Qd5+ Kh7 40. Qe4+ Kg8 41. Re8+ Rxe8 42. Qxe8+ Kh7 43. Qe5 Qd8 44. Nc4 a4 45. c6 Qa8 46. Qe4+ Kg8 47. c7 Qc8 48. Nb6 Qa6 49. c8=Q+ Qxc8 50. Nxc8 g5 51. Qg6+ Kh8 52. Be5# 1-0

[Event "Live Chess"]
[Site "Chess.com"]
[Date "2021.02.28"]
[Round "-"]
[White "Bhaskar, Sriram"]
[Black "Marenduzzo, Ollie"]
[Result "0-1"]
[BlackElo "1503"]
[CurrentPosition "8/8/7p/2P4P/8/6k1/6p1/4r1K1 w - -"]
[ECO "B01"]
[ECOUrl "https://www.chess.com/openings/Scandinavian-Defense"]
[EndDate "2021.02.28"]
[EndTime "14:35:17"]
[Link "https://www.chess.com/live/game/8260406997"]
[StartTime "14:08:28"]
[Termination "UtmostTiger won by checkmate"]
[TimeControl "1500+10"]
[Timezone "UTC"]
[UTCDate "2021.02.28"]
[UTCTime "14:08:28"]
[WhiteElo "981"]

1. e4 d5 2. d3 dxe4 3. dxe4 Qxd1+ 4. Kxd1 Nf6 5. Nc3 e5 6. Bd3 Bc5 7. Be3 Bxe3 8. fxe3 Nc6 9. Nd5 Nxd5 10. exd5 Nb4 11. Bb5+ Bd7 12. Bxd7+ Kxd7 13. e4 Rad8 14. Nf3 f6 15. g4 c6 16. c4 Nd3 17. Ke2 Nf4+ 18. Ke3 Kd6 19. Rad1 c5 20. Rhg1 g5 21. h4 h6 22. h5 a6 23. a4 Rb8 24. Rb1 b5 25. cxb5 axb5 26. axb5 Rxb5 27. Nd2 Rhb8 28. Nc4+ Kd7 29. d6 Rb3+ 30. Kd2 R8b4 31. Rgc1 Nd3 32. Rc3 Rxc3 33. Kxc3 Nf2 34. Ne3 Nxe4+ 35. Kd3 Rd4+ 36. Ke2 Nxd6 37. Rd1 Rxd1 38. Kxd1 e4 39. Ke2 Ke6 40. Nc2 Ke5 41. b3 Kf4 42. Ne3 f5 43. gxf5 Nxf5 44. Ng2+ Kg4 45. Ne3+ Nxe3 46. Kxe3 Kf5 47. Kd2 g4 48. Ke2 Kf4 49. Kf2 g3+ 50. Kf1 Kf3 51. Kg1 e3 52. Kf1 g2+ 53. Kg1 e2 54. b4 Kg3 55. bxc5 e1=R# 0-1

[Event "Live Chess"]
[Site "Chess.com"]
[Date "2021.02.28"]
[Round "-"]
[White "Srivastava, Aarav"]
[Black "Singh, Ishaan"]
[Result "1-0"]
[BlackElo "734"]
[CurrentPosition "2k2R2/p6R/8/6p1/8/7P/PPP3PK/r7 b - -"]
[ECO "C44"]
[ECOUrl "https://www.chess.com/openings/Scotch-Game"]
[EndDate "2021.02.28"]
[EndTime "14:11:49"]
[Link "https://www.chess.com/live/game/8259828045"]
[StartTime "13:59:34"]
[Termination "AwesomeTrouble25 won by checkmate"]
[TimeControl "1500+10"]
[Timezone "UTC"]
[UTCDate "2021.02.28"]
[UTCTime "13:59:34"]
[WhiteElo "1705"]

1. e4 e5 2. Nf3 Nc6 3. d4 d6 4. Nc3 Be6 5. d5 Bd7 6. dxc6 Bxc6 7. Bc4 Qe7 8. Ng5 O-O-O 9. Nxf7 Re8 10. Nxh8 Nf6 11. Nf7 d5 12. exd5 Qxf7 13. dxc6 Qxc4 14. cxb7+ Kxb7 15. Qf3+ e4 16. Qf5 Be7 17. Qb5+ Qxb5 18. Nxb5 Bc5 19. O-O Ng4 20. Bf4 e3 21. Nxc7 exf2+ 22. Kh1 Rf8 23. Ne6 Rf5 24. h3 Ne3 25. Bxe3 Bxe3 26. Rad1 g6 27. Rd7+ Kc8 28. Rxh7 Rf6 29. Nc7 g5 30. Nd5 Re6 31. Nxe3 Rxe3 32. Rxf2 Re1+ 33. Kh2 Ra1 34. Rf8# 1-0

[Event "Live Chess"]
[Site "Chess.com"]
[Date "2021.02.28"]
[Round "-"]
[White "Bell, Hunter"]
[Black "Lynn, Angelo"]
[Result "0-1"]
[BlackElo "1389"]
[CurrentPosition "4q1k1/p2n1pp1/1p3n1p/8/P2B4/1P4P1/4rP1P/3R1RK1 b - -"]
[ECO "A13"]
[ECOUrl "https://www.chess.com/openings/English-Opening-Agincourt-Defense-2.g3-d5-3.Bg2"]
[EndDate "2021.02.28"]
[EndTime "14:29:15"]
[Link "https://www.chess.com/live/game/8259823019"]
[StartTime "13:59:25"]
[Termination "Angelolynn123 won by resignation"]
[TimeControl "1500+10"]
[Timezone "UTC"]
[UTCDate "2021.02.28"]
[UTCTime "13:59:25"]
[WhiteElo "840"]

1. c4 e6 2. g3 d5 3. Bg2 Nf6 4. Nc3 Bc5 5. e3 b6 6. cxd5 exd5 7. Nge2 Bb7 8. O-O O-O 9. d4 Be7 10. e4 dxe4 11. Nxe4 Bxe4 12. Bxe4 Nxe4 13. Qc2 Nf6 14. Bg5 Nbd7 15. Rad1 h6 16. Bf4 Rc8 17. b3 Bd6 18. Be3 Re8 19. a4 Qe7 20. Nc3 c5 21. Rfe1 Qf8 22. Nb5 cxd4 23. Nxd6 Rxc2 24. Nxe8 Qxe8 25. Bxd4 Re2 26. Rf1 0-1